 Dungeon Crawl Stone Soup version 0.21.1-1-g345015f (webtiles) character file.

6587 troglodite the Protected (level 10, -3/79 (80) HPs)
             Began as a Demonspawn Berserker on Feb 21, 2018.
             Was a High Priest of Trog.
             Slain by Psyche
             ... wielding a +3 dagger of distortion
              (5 damage)
             ... on level 8 of the Dungeon on Feb 22, 2018.
             The game lasted 00:23:19 (8193 turns).

troglodite the Protected (Demonspawn Berserker)     Turns: 8193, Time: 00:23:20

HP:   -3/79 (80)    AC: 19    Str: 18    XL:     10   Next: 71%
MP:   0/10          EV: 14    Int:  9    God:    Trog [*****.]
Gold: 195           SH:  0    Dex: 23    Spells: 9/9 levels left

rFire    . . .     SeeInvis .   p - +3 great sword (freeze)
rCold    + . .     Gourm    .   (shield currently unavailable)
rNeg     . . .     Faith    .   n - +6 scale mail "Vibetyclob" {Dex+8}
rPois    .         Spirit   +   l - +0 helmet
rElec    .         Reflect  +   A - scarf {Spirit}
rCorr    .         Harm     .   y - +0 pair of gloves
MR       .....                  v - +1 pair of boots {Stlth+}
Stlth    ++........             j - +2 amulet of reflection
HPRegen  0.23/turn              C - ring of protection from cold
MPRegen  0.12/turn              (no ring)

@: confused, berserk cooldown, hasted and slowed, drained
A: hooves 1, nightstalker 1, sturdy frame 1
a: Berserk, Trog's Hand, Brothers in Arms, Burn Spellbooks, Renounce Religion


You were on level 8 of the Dungeon.
You worshipped Trog.
Trog was extremely pleased with you.
You were very hungry.

You visited 1 branch of the dungeon, and saw 8 of its levels.

You collected 429 gold pieces.
You spent 234 gold pieces at shops.

Inventory:

Hand Weapons
 p - a +3 great sword of freezing (weapon)
 t - a +2 dagger of venom
 u - a +1 rapier of draining
Armour
 l - a +0 helmet (worn)
 n - the +6 scale mail "Vibetyclob" (worn) {Dex+8}
   (You bought it in a shop on level 7 of the Dungeon)

   It affects your dexterity (+8).
 r - a +0 cloak
 v - a +1 pair of boots of stealth (worn)
 y - a +0 pair of gloves (worn)
 A - a scarf of spirit shield (worn)
Jewellery
 j - a +2 amulet of reflection (around neck)
 C - a ring of protection from cold (left hand)
Wands
 i - a wand of random effects (17)
 m - a wand of paralysis (14)
 s - a wand of acid (8)
Scrolls
 a - a scroll of enchant weapon {unknown}
 b - a scroll of remove curse
 d - a scroll of blinking {unknown}
 e - 2 scrolls of teleportation
 k - 2 scrolls of magic mapping
 o - 2 scrolls of fog
 q - a scroll of enchant armour {unknown}
Potions
 f - a potion of heal wounds {unknown}
 h - a potion of brilliance
 w - 3 potions of haste
 x - 4 potions of curing
 z - a potion of agility {unknown}
 B - a potion of mutation {unknown}
 D - 3 potions of flight {unknown}
Comestibles
 c - 5 rations
 g - 5 chunks of flesh


   Skills:
 * Level 7.8(7.0) Fighting
 + Level 4.6(5.7) Short Blades
 + Level 7.0(6.9) Long Blades
 * Level 8.8(8.0) Armour
 * Level 5.7(5.0) Dodging
 * Level 4.0(3.3) Stealth


You had 9 spell levels left.
You didn't know any spells.

Dungeon Overview and Level Annotations

Branches:
Dungeon (8/15)             Temple (0/1) D:4
   Lair: D:8-11

Altars:
Ru
Xom
Yredelemnul
The Shining One

Shops:
D:4 =   D:6 }   D:7 [(

Annotations:
D:8 Psyche


Innate Abilities, Weirdness & Mutations

You have large cloven feet.
You are slightly more attuned to the shadows.
Your movements are slightly less encumbered by armour. (ER -2)


Message History

* * * LOW HITPOINT WARNING * * *
The hound stops to sniff the ground.
The hound bites you but does no damage. Something hits you but does no damage.
Space bends around you.
* * * LOW HITPOINT WARNING * * *
The orc priest closely misses you. The hound closely misses you.
The orc closely misses you.
You hear some strange, mumbled words.
A magic dart appears from out of thin air!
The magic dart hits you!
The orc priest hits you with a short sword of speed.
* * * LOW HITPOINT WARNING * * *
The hound closely misses you. The orc barely misses you.
Something hits you but does no damage. Space bends around you.
* * * LOW HITPOINT WARNING * * *
The orc priest hits you but does no damage.
You feel yourself speed up. Something hits you.
* * * LOW HITPOINT WARNING * * *
Space bends around you.
You die...

#.#.#.
##..?#..
##...O.#. ....
#####........
#...
.............
#..#
.....{o)....#
.##... #@h...#
#.##..#
#......o..##
#.##..#
#.######.##
#.##..## .#
#.##....
#######.##...#
#...........#
#.####.###<.#
#.# #.# #..#
#.# #(###..#


You could see an ogre, a hound, an orc priest and an orc.

Vanquished Creatures
  The ghost of Autsider the Protected, a novice DDFi of Makhleb (D:8)
  2 two-headed ogres
  Prince Ribbit (D:5)
  Grinder (D:3)
  A wraith (D:7)
  A wyvern (D:8)
  Menkaure (D:5)
  Edmund (D:6)
  A hornet zombie (D:5)
  A black bear (D:6)
  3 orc warriors
  2 sky beasts (D:4)
  3 necrophages
  2 phantoms (D:4)
  3 ogres
  5 centaurs
  2 big kobolds (D:7)
  3 bullfrogs
  A scorpion (D:6)
  5 wights (D:7)
  A howler monkey (D:5)
  2 crimson imps
  3 human zombies (D:7)
  A centaur zombie (D:7)
  4 hounds
  2 jellies (D:3)
  2 centaur skeletons
  2 orc priests (D:7)
  7 orc wizards
  A bullfrog skeleton (D:4)
  Ijyb (D:3)
  10 worker ants
  Natasha (thrice) (D:3)
  An ogre zombie (D:7)
  A hound zombie (D:3)
  A hound skeleton (D:8)
  2 mummies (D:7)
  2 worker ant zombies
  Robin (D:2)
  3 adders
  2 shadow imps
  An ooze (D:2)
  An adder zombie (D:7)
  An adder skeleton (D:8)
  5 worms
  2 dart slugs
  6 leopard geckos
  17 orcs
  3 ball pythons
  2 bats (D:6)
  11 giant cockroaches
  15 goblins
  12 hobgoblins
  2 iguanas
  11 jackals
  6 quokkas
  7 frilled lizards
  17 kobolds
  2 orc skeletons (D:7)
  A quokka skeleton (D:5)
  4 rats
218 creatures vanquished.

Notes
Turn   | Place    | Note
-------+----------+-------------------------------------------
     0 | D:1      | troglodite the Demonspawn Berserker began the quest for the Orb.
     0 | D:1      | Reached XP level 1. HP: 18/18 MP: 1/1
   213 | D:1      | Gained mutation: Your movements are slightly less encumbered by armour. (ER -2) [demonic ancestry]
   213 | D:1      | Reached XP level 2. HP: 16/24 MP: 2/2
   791 | D:2      | Reached skill level 2 in Armour
   875 | D:2      | Reached XP level 3. HP: 21/29 MP: 3/3
   902 | D:2      | Reached ** piety under Trog
  1390 | D:2      | HP: 1/29 [hobgoblin[Robin] (1)]
  1493 | D:2      | Noticed Robin
  1498 | D:2      | Reached XP level 4. HP: 36/36 MP: 4/4
  1501 | D:2      | Killed Robin
  2041 | D:3      | Noticed Natasha
  2041 | D:3      | Noticed Ijyb
  2047 | D:3      | Killed Natasha
  2053 | D:3      | Killed Ijyb
  2053 | D:3      | Reached skill level 3 in Armour
  2053 | D:3      | Gained mutation: You have large cloven feet. [demonic ancestry]
  2053 | D:3      | Reached XP level 5. HP: 42/42 MP: 5/5
  2108 | D:3      | Noticed Natasha
  2115 | D:3      | Killed Natasha
  2171 | D:3      | Noticed Grinder
  2186 | D:3      | Killed Grinder
  2186 | D:3      | Reached skill level 4 in Armour
  2186 | D:3      | Reached XP level 6. HP: 38/48 MP: 6/6
  2329 | D:3      | Noticed Natasha
  2338 | D:3      | Killed Natasha
  2573 | D:3      | Reached *** piety under Trog
  2588 | D:3      | Found a shimmering altar of Xom.
  3110 | D:4      | Reached XP level 7. HP: 52/55 MP: 7/7
  3170 | D:4      | Reached skill level 1 in Short Blades
  3172 | D:4      | Found Cuera's Jewellery Shoppe.
  3261 | D:4      | Reached skill level 5 in Armour
  3350 | D:4      | Reached skill level 5 in Fighting
  3511 | D:4      | Reached XP level 8. HP: 39/62 MP: 8/8
  4145 | D:4      | Found a staircase to the Ecumenical Temple.
  4189 | D:5      | Entered Level 5 of the Dungeon
  4263 | D:5      | Noticed Prince Ribbit
  4278 | D:5      | Killed Prince Ribbit
  4278 | D:5      | Reached skill level 6 in Armour
  4323 | D:5      | Noticed Menkaure
  4331 | D:5      | Killed Menkaure
  4345 | D:5      | Reached **** piety under Trog
  4417 | D:5      | Reached skill level 7 in Armour
  4910 | D:5      | Found a glowing golden altar of the Shining One.
  5204 | D:6      | Gained mutation: You are slightly more attuned to the shadows. [demonic ancestry]
  5204 | D:6      | Reached XP level 9. HP: 42/69 MP: 9/9
  5457 | D:6      | Found a sacrificial altar of Ru.
  5579 | D:6      | Found Wemus's Gadget Shop.
  5657 | D:6      | Noticed Edmund
  5678 | D:6      | Killed Edmund
  5888 | D:6      | Reached skill level 1 in Stealth
  5963 | D:6      | Found a sacrificial altar of Ru.
  6613 | D:7      | Reached skill level 8 in Armour
  6798 | D:7      | Reached ***** piety under Trog
  6868 | D:7      | Reached skill level 5 in Long Blades
  6885 | D:7      | Found Nieclad's Antique Armour Emporium.
  6894 | D:7      | Bought a brightly glowing scale mail for 234 gold pieces
  6904 | D:7      | Identified the +6 scale mail "Vibetyclob" {Dex+8} (You bought it in a shop on level 7 of the Dungeon)
  6913 | D:7      | Reached skill level 5 in Dodging
  6981 | D:7      | Found Umpad's Antique Weapon Shop.
  7138 | D:7      | Noticed a two-headed ogre
  7148 | D:7      | Killed a two-headed ogre
  7148 | D:7      | Reached XP level 10. HP: 38/78 MP: 10/10
  7588 | D:7      | Found a basalt altar of Yredelemnul.
  7898 | D:8      | Noticed a two-headed ogre
  7915 | D:8      | Killed a two-headed ogre
  7915 | D:8      | Received a gift from Trog
  8010 | D:8      | Noticed Autsider's ghost (novice DDFi)
  8022 | D:8      | Killed Autsider's ghost
  8180 | D:8      | Noticed Psyche
  8193 | D:8      | HP: 2/79 [something (2)]
  8193 | D:8      | Slain by Psyche

Skill      XL: |  1  2  3  4  5  6  7  8  9 10 |
---------------+-------------------------------+-----
Dodging        | 2 3 4 5 |  5.7
Armour         | 2 3 4 5 7 8 |  8.8
Long Blades    | 3 4 5 7 |  7.0
Fighting       | 4 5 6 7 |  7.8
Short Blades   | 2 3 4 |  4.6
Stealth        | 2 4 |  4.0

Action                   |  1- 3 |  4- 6 |  7- 9 | 10-12 || total
-------------------------+-------+-------+-------+-------++-------
Melee: Falchion          |   151 |    23 |       |       ||   174
       Dagger            |       |   107 |   431 |       ||   538
       Kick              |       |    24 |    37 |       ||    61
       Great sword       |       |       |    94 |    82 ||   176
Invok: Berserk           |     3 |     4 |    10 |     3 ||    20
       Trog's Hand       |     2 |       |     2 |       ||     4
  Use: Potion            |     2 |       |       |     1 ||     3
       Scroll            |       |       |     9 |     1 ||    10
 Stab: Sleeping          |       |       |     1 |     7 ||     8
  Eat: Chunk             |     5 |     9 |    17 |     3 ||    34
       Ration            |       |       |     2 |     1 ||     3
Armor: Chain mail        |    99 |    89 |   322 |       ||   510
       Animal skin       |     6 |       |       |       ||     6
       Scale mail        |       |       |     8 |    43 ||    51
Dodge: Dodged            |    98 |    77 |   314 |    79 ||   568
Block: Other             |     6 |     7 |    36 |     6 ||    55
       Reflection        |       |       |     2 |       ||     2
       Rpst.: Falchion   |    35 |     5 |       |       ||    40
       Great sword       |       |       |    33 |    18 ||    51
